 Dungeon Crawl Stone Soup version 0.28.0-43-g3370ac3207 (console) character file.

Game seed: 7946335217018525146

114 Zeor the Sneak (level 4, 0/23 HPs)
             Began as a Vampire Brigand on Mar 14, 2022.
             Slain by a gnoll
             ... wielding a +0 spear
              (1 damage)
             ... on level 4 of the Dungeon.
             The game lasted 00:10:05 (4010 turns).

Zeor the Sneak (Vampire Brigand)                    Turns: 4010, Time: 00:10:05

Health: 0/23       AC:  4    Str: 10    XL:     4   Next: 67%
Magic:  4/4        EV:  8    Int: 13    God:
Gold:   146        SH:  4    Dex: 17    Spells: 3/3 levels left

rFire   . . .      SeeInvis +   b - +1 short sword (venom)
rCold   + + .      Faith    .   g - +0 buckler
rNeg    + + +      Spirit   .   k - +0 leather armour
rPois   ∞          Reflect  .   (no helmet)
rElec   .          Harm     .   c - +0 cloak
rCorr   .          Rampage  .   (no gloves)
Will    .....                   (no boots)
Stlth   ++++++....              (no amulet)
HPRegen 0.00/turn               (no ring)
MPRegen 0.09/turn               (no ring)

@: bloodless, inhibited regen, constricted
A: bloodless, fangs 3, see invisible, vampiric 2, [frail 1]
a: Bat Form, Revivify


You were on level 4 of the Dungeon.
You visited 1 branch of the dungeon, and saw 4 of its levels.

You collected 146 gold pieces.

Inventory:

Hand Weapons
 a - a +2 dagger
 b - a +1 short sword of venom (weapon)
 h - a +0 vampiric dagger
Missiles
 d - 14 poisoned darts (quivered)
 e - 2 curare-tipped darts
 m - 50 bolts
Armour
 c - a +0 cloak (worn)
 g - a +0 buckler (worn)
 k - a +0 leather armour (worn)
Jewellery
 j - a ring of protection from fire
Wands
 i - a wand of acid (8)
Scrolls
 n - a scroll of fog
 r - a scroll of teleportation
Potions
 f - 2 potions of attraction
 l - a potion of curing
 o - 2 potions of might
 p - 2 potions of degeneration {unknown}
 q - a potion of heal wounds {unknown}


   Skills:
 + Level 2.1 Fighting
 + Level 2.7 Short Blades
 + Level 1.6 Throwing
 + Level 0.4 Armour
 + Level 1.4 Dodging
 * Level 7.9 Stealth
 * Level 1.2 Shields


You had 3 spell levels left.
You didn't know any spells.
Your spell library was empty.

Dungeon Overview and Level Annotations

Branches:
Dungeon (4/15)
 Temple: D:4-7

Altars:

Shops:
D:2 :

Annotations:
D:4 Dowan, Duvessa


Innate Abilities, Weirdness & Mutations

You do not regenerate when monsters are visible.
You are frail without blood (-20% HP).
You can heal yourself when you bite living creatures.
You are immune to poison.
You have razor-sharp teeth.
You have supernaturally acute eyesight. (SInv)
You are afflicted with vampirism and can become a bat while bloodless.
[You are frail. (-10% HP)]


Message History

Moving in this stuff is going to be slow.
Done exploring.
Done exploring.
You enter the shallow water.
Moving in this stuff is going to be slow.
There is a stone staircase leading down here.
You climb downwards.
Found a spear.
There is a stone staircase leading up here.
The gnoll shouts! x2; You hear an angry hiss.
The adder hisses angrily.
Duvessa shouts!
The gnoll throws a throwing net.
The throwing net hits you.
You become entangled in the net!
You stop ascending the stairs.
The gnoll shouts!
The howler monkey howls!
You struggle against the net.
The gnoll shouts!
Dowan gestures wildly while chanting.
Dowan blinks!
A kobold comes into view. It is wielding a +0 short sword.
You tear a large gash into the net.
The adder bites you.
The howler monkey hoots and howls with incredible vigour!
You hear a shout! x11
You struggle against the net.
The adder bites you but does no damage. The adder barely misses you.
You rip the net and break free!
The howler monkey hoots and howls with incredible vigour!
The adder barely misses you. The ball python misses you.
The ball python grabs you. The ball python constricts you.
The gnoll hits you from afar with a +0 spear!
You hear a shout! x3
The ball python's grasp on you weakens, but your attempt to escape fails.
The adder closely misses you.
Dowan smirks and points a slender finger.
Dowan drinks a potion.
Dowan seems to speed up.
Duvessa hits you with a +0 short sword!
Ouch! That really hurt!
* * * LOW HITPOINT WARNING * * *
The ball python closely misses you. The ball python constricts you.
The gnoll hits you from afar with a +0 spear.
You die... ▒▒▒▒▒▒▒▒▒▒ ▒∙V∙∙∙∙∙∙∙ ▒SSe∙∙∙∙∙∙ ▒gggg∙∙∙∙∙ ∙∙∙∙∙hK∙∙∙ ∙∙∙∙∙∙∙∙∙∙∙ ∙∙∙∙∙∙∙∙∙e∙∙ ▒∙∙)∙∙∙∙∙∙∙∙∙ ▒∙∙∙∙∙∙∙∙∙∙∙∙

You could see Duvessa, Dowan (fast), a howler monkey, 4 gnolls, an adder, a ball python and a kobold.

Vanquished Creatures
  A howler monkey zombie (D:3)
  3 gnolls (D:3)
  An adder (D:2)
  2 dart slugs (D:2)
  An orc (D:3)
  4 bats
  4 endoplasms
  3 giant cockroaches (D:2)
  9 goblins
  3 hobgoblins
  3 jackals (D:2)
  4 quokkas
  5 ball pythons
  3 frilled lizards
  5 kobolds (D:1)
  7 rats
58 creatures vanquished.

Notes
Turn   | Place    | Note
-------+----------+-------------------------------------------
     0 | D:1      | Zeor the Vampire Brigand began the quest for the Orb.
     0 | D:1      | Reached XP level 1. HP: 16/16 MP: 1/1
    39 | D:1      | You fall into a shaft and drop 1 floor!
    56 | D:2      | Reached skill level 6 in Stealth
   133 | D:2      | Reached XP level 2. HP: 17/17 MP: 2/2
   184 | D:2      | Found Hesousew's Book Boutique.
   863 | D:2      | Gained mutation: You are afflicted with vampirism and can
                  | become a bat while bloodless. [Vampire growth]
   863 | D:2      | Reached XP level 3. HP: 11/18 MP: 3/3
  1468 | D:2      | Found a faded altar of an unknown god.
  1646 | D:1      | Reached skill level 1 in Shields
  2219 | D:1      | Reached skill level 7 in Stealth
  2836 | D:3      | Reached XP level 4. HP: 23/23 MP: 4/4
  4004 | D:4      | Noticed Duvessa
  4004 | D:4      | Noticed Dowan
  4010 | D:4      | HP: 1/23 [Duvessa/+0 short sword (12)]
  4010 | D:4      | Slain by a gnoll

Illustrated notes

Levels and vault maps discovered:
D:1:      dpeg_arrival_radiant, layout_basic
D:2:      layout_loops_corners, serial_shops, shop,
          shapermc_ecumenical_altar_hornbeckon, chequers_serial_rivers_large_a,
          minmay_pentomino_x4
D:3:      layout_loops_ring, chequers_serial_rivers_small_3
D:4:      layout_rooms, uniq_pikel, uniq_natasha, uniq_duvessa, uniq_robin

Skill      XL: |  1  2  3 |
---------------+----------+-----
Stealth        | 6 7 |  7.9
Fighting       | 2 |  2.1
Shields        | 1 |  1.2
Short Blades   | |  2.7
Throwing       | |  1.6
Armour         | |  0.4
Dodging        | |  1.4

Action                   |  1- 3 |  4- 6 || total
-------------------------+-------+-------++-------
Melee: Dagger            |   102 |    14 ||   116
       Bite              |     5 |     2 ||     7
       Short sword       |    25 |    10 ||    35
Throw: Dart              |     1 |     3 ||     4
 Abil: Exsanguinate      |     2 |       ||     2
       Revivify          |     2 |       ||     2
  Use: Scroll            |     6 |     1 ||     7
 Stab: Sleeping          |    26 |     2 ||    28
       Distracted        |     1 |       ||     1
Armor: Robe              |    17 |       ||    17
       Leather armour    |    15 |     7 ||    22
Dodge: Dodged            |    48 |    12 ||    60
Block: Buckler           |    12 |     1 ||    13
